Cogmind - Beta 15 @@@ ROGUE MODE // 2025.07.27 @ 12:45:38 Player: FrigidRock Result: Destroyed by as-43980 with Assembled Rifle Performance ------------- Evolutions (1) 500 Regions Visited (3) 600 Robots Destroyed (56) 280 Value Destroyed (1292) 1292 Prototype IDs (4) 80 Alien Tech Used (0) 0 Bonus (46) 46 TOTAL SCORE: 2798 Bonus ------- High Alert Combat Kills 46 Cogmind --------- Core Integrity 0/400 Matter 295/300 Energy 171/250 System Corruption 5% Temperature Warm (105) Movement Rolling (190) Ox6 Location -9/Mines Parts ------- > --- POWER (1) -------- Ion Engine > --- PROPULSION (3) --- Compact Wheel > --- UTILITY (3) ------ Huge Storage Unit Medium Armor Plating Hacking Suite > --- WEAPON (2) ------- Advanced Beam Cannon Advanced Beam Cannon > --- INVENTORY (25) --- Light Ion Engine Reinforced Ion Engine Aluminum Leg Aluminum Leg Aluminum Leg Aluminum Leg Heat Sink Heat Sink Large Battery (200) Backup Plating I Medium Armor Plating Small Laser Improved Medium Laser Heavy Assault Rifle EMP Blaster Rocket Launcher Datajack Peak State ------------ > --- POWER ------------ Ion Engine > --- PROPULSION ------- Wheel Wheel Compact Wheel > --- UTILITY ---------- Huge Storage Unit Medium Armor Plating Hacking Suite > --- WEAPON ----------- Improved EM Shotgun Advanced Beam Cannon > --- INVENTORY -------- Ion Engine Ion Engine Ion Engine Aluminum Leg Aluminum Leg Aluminum Leg Compact Wheel Large Battery Backup Plating I Medium Armor Plating Improved Medium Laser Advanced Beam Cannon Advanced Beam Cannon Heavy Assault Rifle EMP Blaster Mini Grenade Launcher Datajack [Rating: 18] Favorites ----------- Power Ion Engine Engine Ion Engine Propulsion Wheel Leg Aluminum Leg Wheel Wheel Utility Huge Storage Unit Storage Huge Storage Unit Processor Signal Interpreter Hackware Hacking Suite Protection Medium Armor Plating Weapon Advanced Beam Cannon Energy Gun Small Laser Energy Cannon Advanced Beam Cannon Ballistic Gun Improved Assault Rifle Launcher Mini Grenade Launcher Special Weapon Plasma Cutter Build | -11 -10 -9 -9 ------- Run | Yrd Mat Mat Min Slots Evolved 2 | . . 2 . Power . | . . . . Propulsion 1 | . . 1 . Utility 1 | . . 1 . Weapon . | . . . . Parts Attached 41 | 6 1 32 2 Power 7 | 2 . 5 . Engine 7 | 2 . 5 . Core . | . . . . Reactor . | . . . . Propulsion 13 | 2 . 9 2 Treads . | . . . . Leg 2 | . . 2 . Wheel 11 | 2 . 7 2 Hover . | . . . . Flight . | . . . . Utility 8 | . 1 7 . Device . | . . . . Storage 1 | . 1 . . Processor 1 | . . 1 . Hackware 1 | . . 1 . Protection 5 | . . 5 . Artifact . | . . . . Weapon 13 | 2 . 11 . Energy Gun 6 | 2 . 4 . Energy Cannon 3 | . . 3 . Ballistic Gun 1 | . . 1 . Ballistic Cannon . | . . . . Launcher 2 | . . 2 . Special Weapon 1 | . . 1 . Impact Weapon . | . . . . Slashing Weapon . | . . . . Piercing Weapon . | . . . . Special Melee Weapon . | . . . . Unidentified Prototypes 4 | . . 4 . Corrupted Parts 1 | . . 1 . System Corruption 3 | . . 3 . Parts Lost 19 | . . 16 3 Power 3 | . . 3 . Propulsion 10 | . . 7 3 Utility 1 | . . 1 . Weapon 5 | . . 5 . Highest Loss Streak 5 | . . 5 3 To Critical Strikes . | . . . . Average Backups 13 | . 3 15 14 Power 2 | . 1 3 1 Propulsion 3 | . 1 4 3 Utility 2 | . . 2 3 Weapon 2 | . . 3 4 Tool/Special . | . . . . Unused Backups 14 | . . 2 12 Power 3 | . . 1 2 Propulsion 3 | . . . 3 Utility 3 | . . . 3 Weapon 3 | . . . 3 Tool/Special 2 | . . 1 1 Average Slot Usage (%) 86 | . 83 85 97 Engine 11 | . 14 10 11 Leg 3 | . . 3 8 Wheel 26 | . 28 26 22 Storage 11 | . 12 11 11 Processor 2 | . . 3 . Hackware 5 | . . 6 11 Protection 4 | . . 4 11 Energy Gun 10 | . 28 9 . Energy Cannon 8 | . . 8 22 Special Weapon 1 | . . 1 . Peak Build Rating 18 | 5 6 18 18 Average Rating 12 | 4 5 13 17 On Entrance 7 | . 5 6 17 Naked Turns . | . . . . Heaviest Build 106 | 7 87 106 100 Greatest Support 42 | 32 32 42 36 Greatest Overweight (x) 9 | . 2 9 9 Average Overweight (x) 3 | . 1 3 3 Largest Inventory Capacity 25 | 5 25 25 25 Average Capacity 24 | 5 22 25 25 Most Carried 22 | 1 8 22 18 Average Carried 13 | . 3 15 14 Final Capacity 25 | 5 25 25 25 Final Carried 17 | 1 8 10 17 Class Distribution -------------------- 80% | Mutant 19% | Scavenger-Mutant Dominant Class ---------------- Mutant | -10/Materials Mutant | -9/Materials Scavenger-Mutant | -9/Mines Resources | -11 -10 -9 -9 ----------- Run | Yrd Mat Mat Min Matter Collected 797 | 163 107 497 30 Remotely . | . . . . Salvage Created 1936 | . 172 1616 148 Parts 111 | . 6 95 10 Haulers Intercepted 4 | . . 4 . Recyclers Shooed 3 | . 1 2 . Parts Field Recycled . | . . . . Retrieved Matter . | . . . . Parts Self-Destructed . | . . . . Prevented . | . . . . Kills | -11 -10 -9 -9 ------- Run | Yrd Mat Mat Min Combat Hostiles Destroyed 38 | . 3 32 3 Guns 14 | . 3 11 . Cannons 12 | . . 10 2 AOE 11 | . . 11 . Classes Destroyed 11 | . 2 7 2 Worker 3 | . . 3 . Builder 1 | . . 1 . Tunneler 1 | . . . 1 Hauler 4 | . . 4 . Recycler 5 | . 1 4 . Operator 1 | . . 1 . Watcher 3 | . . 3 . Swarmer 13 | . . 13 . Grunt 14 | . 3 9 2 Brawler 1 | . . . 1 Sentry 10 | . . 10 . Best Kill Streak 8 | . 3 8 4 Combat Bots Only 6 | . 2 6 3 Max Kills in Single Turn 3 | . 1 3 1 Gunslinging 1 | . . 1 . Exploded 3 | . . 3 . Melee . | . . . . Uniques/NPCs Destroyed . | . . . . Combat | -11 -10 -9 -9 -------- Run | Yrd Mat Mat Min Hostile Shots Fired 162 | . 12 129 21 Missed 35 | . 3 30 2 Hits 127 | . 9 99 19 Melee 2 | . . . 2 Projectile 125 | . 9 99 17 Critical Strikes 2 | . . 2 . Part Disruptions 2 | . . 1 1 Damage Taken 2105 | . 101 1731 273 Core 419 | . 11 372 36 Absorbed by Shields . | . . . . Core Remaining (%) 97 | 100 95 . . Volleys Fired 132 | . 19 104 9 Largest 2 | . 2 2 2 Hottest 136 | . 80 136 136 Shots Fired 232 | . 38 176 18 Gun 131 | . 38 93 . Cannon 94 | . . 76 18 Launcher 6 | . . 6 . Special 1 | . . 1 . Kinetic . | . . . . Thermal 170 | . 38 114 18 Explosive 6 | . . 6 . Electromagnetic 56 | . . 56 . Robot Hit Streak 19 | . 14 19 2 Robot Miss Streak 5 | . 3 5 3 Penetration Max . | . . . . Secondary Targets 3 | . 1 2 . Max Gunslinging Chain 1 | . 1 1 . Shots Hit Robots 157 | . 29 121 7 Core Hits 82 | . 11 68 3 Critical Kills 1 | . . . 1 Critical Parts Destroyed . | . . . . Critical Strikes 1 | . . . 1 Meltdown 1 | . . . 1 Melee Attacks . | . . . . Impact . | . . . . Slashing . | . . . . Piercing . | . . . . Sneak Attacks . | . . . . Combat Hostiles . | . . . . Follow-up Attacks . | . . . . Damage Inflicted 3558 | . 314 3101 143 Guns 1298 | . 314 984 . Cannons 1102 | . . 959 143 Explosions 1158 | . . 1158 . Melee . | . . . . Ramming . | . . . . Kinetic . | . . . . Thermal 2059 | . 314 1602 143 Explosive 758 | . . 758 . Electromagnetic 741 | . . 741 . Impact . | . . . . Slashing . | . . . . Piercing . | . . . . Highest Corruption 5 | . . 5 5 Average Corruption 4 | . . 3 5 Corruption Purged . | . . . . Corruption Blocked . | . . . . Effects 35 | . . 29 6 Message Errors 6 | . . 4 2 Matter Fused 4 | . . 3 1 Heat Flow Errors 3 | . . 3 . Energy Discharges 8 | . . 6 2 Parts Rejected 2 | . . 2 . Data Loss (minor) 6 | . . 5 1 Data Loss (major) 3 | . . 3 . Misfires 2 | . . 2 . Weapon Failures 1 | . . 1 . Overload Shots . | . . . . Overflow Damage 74 | . . 74 . Projectiles . | . . . . Explosions 74 | . . 74 . Melee . | . . . . Knockbacks . | . . . . Impact . | . . . . Kinetic . | . . . . Secondary . | . . . . Self-Inflicted Damage 290 | . . 290 . Shots 10 | . . 10 . Rammed . | . . . . Targets Rammed . | . . . . Kicked . | . . . . Crushed . | . . . . Highest Temperature 378 | . 162 378 190 Average Temperature 87 | . 61 90 93 Received Heat Transfer 616 | . 54 426 136 Effects 5 | . . 5 . Interference 5 | . . 5 . Siege Activations . | . . . . Martial Activations . | . . . . Shielding Activations . | . . . . Robots Disrupted . | . . . . Combat Hostiles . | . . . . Robots Corrupted 1 | . . 1 . Combat Hostiles . | . . . . Parts Fried 2 | . . 2 . Impact Corruptions . | . . . . Robots Melted 1 | . . . 1 Combat Hostiles 1 | . . . 1 Parts Melted 10 | . 2 7 1 Heat Transferred 3923 | . 725 2939 259 Parts Sabotaged . | . . . . Parts Stolen . | . . . . Parts Stripped . | . . . . Power Chain Reactions 8 | . . 8 . Alert | -11 -10 -9 -9 ------- Run | Yrd Mat Mat Min Maximum Alert Level 2 | . . 2 . Low Security (%) 55 | 100 100 42 100 Level 1 38 | . . 49 . Level 2 6 | . . 8 . Level 3 . | . . . . Level 4 . | . . . . Level 5 . | . . . . High Security . | . . . . Max Security . | . . . . Peak Influence 486 | . 50 486 188 Initial 128 | . . 14 128 Average 175 | . 7 209 146 Influence Increases 1302 | . 94 1133 75 Destroy 0b10 Robot/C 760 | . 60 640 60 Destroy 0b10 Robot/NC 90 | . 5 80 5 Destroy Leader 224 | . 20 194 10 Successful Hack 14 | . 9 5 . Disable Machine 105 | . . 105 . Destroy Structure 79 | . . 79 . Lose Combat Pursuer 30 | . . 30 . Influence Decreases 1229 | . 59 838 332 Entered New Map 223 | . . 21 202 Time Decay 666 | . 59 507 100 Lost Part 190 | . . 160 30 Purge Threat 150 | . . 150 . Squads Dispatched 7 | . 3 4 . Investigation 1 | . 1 . . Extermination . | . . . . Reinforcement 6 | . 2 4 . Assault . | . . . . Garrison . | . . . . Intercept . | . . . . Searches Triggered . | . . . . Construction Impeded . | . . . . Haulers Reinforced . | . . . . Active Scanning Responses . | . . . . Cargo Convoy Interrupts . | . . . . Stealth | -11 -10 -9 -9 --------- Run | Yrd Mat Mat Min Distress Signals 1 | . . 1 . Communications Jammed . | . . . . Distress Signals . | . . . . Times Spotted 74 | . 8 47 19 Peak Tracking Total 20 | . 3 5 20 Tactical Retreats 4 | . . 2 2 Traps | -11 -10 -9 -9 ------- Run | Yrd Mat Mat Min Traps Triggered 5 | . 1 4 . Indirectly . | . . . . Trap Hack Attempts . | . . . . Triggered . | . . . . Disarmed . | . . . . Reprogrammed . | . . . . Reused . | . . . . Traps Extracted . | . . . . Installed . | . . . . Triggered . | . . . . Machines | -11 -10 -9 -9 ---------- Run | Yrd Mat Mat Min Machines Disabled 7 | . . 7 . Max in Single Turn 2 | . . 2 . Machines Repaired . | . . . . Machines Dismantled 1 | . . 1 . Machines Sabotaged . | . . . . Overloaded Fab Kills . | . . . . Hacking | -11 -10 -9 -9 --------- Run | Yrd Mat Mat Min Machines Accessed 11 | . 4 6 1 Terminals 11 | . 4 6 1 Fabricators . | . . . . Repair Stations . | . . . . Recycling Units . | . . . . Scanalyzers . | . . . . Garrison Access . | . . . . Total Hacks 23 | . 7 15 1 Successful 6 | . 3 3 . Failed 17 | . 4 12 1 Catastrophic 4 | . . 3 1 Database Lockouts . | . . . . Manual 19 | . 7 11 1 Terminals 23 | . 7 15 1 Fabricators . | . . . . Repair Stations . | . . . . Recycling Units . | . . . . Scanalyzers . | . . . . Garrison Access . | . . . . Terminal Hacks 1 | . . 1 . Unreport Threat 1 | . . 1 . Fabricator Hacks . | . . . . Repair Station Hacks . | . . . . Recycling Unit Hacks . | . . . . Scanalyzer . | . . . . Garrison Access Hacks . | . . . . Unauthorized Hacks 5 | . 3 2 . Terminals 5 | . 3 2 . Botnet 5 | . 3 2 . Fabricators . | . . . . Repair Stations . | . . . . Recycling Units . | . . . . Scanalyzers . | . . . . Garrison Access . | . . . . Data Cores Recovered . | . . . . Used . | . . . . Hacking Detections 7 | . 1 5 1 Full Trace Events . | . . . . Feedback Events . | . . . . Feedback Blocked . | . . . . Robot Schematics Acquired . | . . . . Robots Built . | . . . . Authchips . | . . . . Time . | . . . . Total Robot Build Rating . | . . . . Part Schematics Acquired . | . . . . Parts Built . | . . . . Authchips . | . . . . Time . | . . . . Total Part Build Rating . | . . . . Parts Repaired . | . . . . Time . | . . . . Parts Recycled . | . . . . Recycled Matter . | . . . . Retrieved Matter . | . . . . Retrieved Components . | . . . . Parts Scanalyzed . | . . . . Part Schematics Acquired . | . . . . Parts Damaged . | . . . . Bothacking | -11 -10 -9 -9 ------------ Run | Yrd Mat Mat Min Used RIF Installer . | . . . . Robots Hacked . | . . . . Non-combat . | . . . . Combat . | . . . . Robot Hacks Applied . | . . . . Relay Couplers Released . | . . . . Fabnet Peak Effective % . | . . . . Robots Rewired . | . . . . Allies Hacked . | . . . . Hacks Repelled . | . . . . Allies | -11 -10 -9 -9 -------- Run | Yrd Mat Mat Min Total Allies . | . . . . Largest Group . | . . . . Highest-Rated Group . | . . . . Highest-Rated Ally . | . . . . Total Orders . | . . . . Ally Attacks . | . . . . Total Damage . | . . . . Kills . | . . . . Allies Corrupted . | . . . . Allies Melted . | . . . . Intel | -11 -10 -9 -9 ------- Run | Yrd Mat Mat Min Active Infowar (turns) . | . . . . Robot Analysis Total . | . . . . Derelict Logs Recovered . | . . . . Drone Launches . | . . . . Drone Recoveries . | . . . . Exploration | -11 -10 -9 -9 ------------- Run | Yrd Mat Mat Min Turns Passed 2394 | 46 290 1855 203 Spaces Moved 1327 | 39 171 1003 114 Core 3 | 3 . . . Treads . | . . . . Legs . | . . . . Wheels 1324 | 36 171 1003 114 Hover . | . . . . Flight . | . . . . Fastest Speed 50 | 50 100 116 116 Average Speed 134 | 96 125 136 140 Slowest Speed 215 | 100 130 215 215 Overloaded Moves . | . . . . Propulsion Burnouts . | . . . . Robots Hopped . | . . . . Potential Cave-ins . | . . . . Cave-ins Triggered . | . . . . Exploration Rate (%) 37 | 4 38 84 25 Regions Visited 3 Branch Regions 1 Pre-discovered Areas . | . . . . Known Exits Taken . | . . . . Unknown Exits Taken 3 | 1 1 1 . Scrap Searched . | . . . . Spaces Dug . | . . . . Terrain Destroyed 82 | . . 82 . Melee . | . . . . Projectile . | . . . . AOE 82 | . . 82 . Terrain Rammed . | . . . . Walls Destroyed . | . . . . Machines Disabled . | . . . . Actions | -11 -10 -9 -9 --------- Run | Yrd Mat Mat Min Total 1690 | 44 208 1297 141 Wait 120 | . 11 106 3 Move 1324 | 38 170 1002 114 Hop . | . . . . Pick Up 34 | . 7 18 9 Fast Attach 24 | 5 1 18 . Attach 22 | . . 19 3 Detach 5 | . . 5 . Swap 13 | 1 . 11 1 Drop 11 | . . 9 2 Fire 132 | . 19 104 9 Melee . | . . . . Ram . | . . . . Kick . | . . . . Crush . | . . . . Escape Stasis . | . . . . Rewire . | . . . . Trap . | . . . . Miscellaneous 5 | . . 5 . Route ------- -11/Scrapyard -10/Materials -9/Materials (discovered 4 exits: *Mat x2 / *Min x2) -9/Mines History --------- Turn | Location | Event 20 | -11/Scrapyard | Discovered new exit (range 16) 47 | -11/Scrapyard | Entered Materials 280 | -10/Materials | Discovered new exit (range 8) 308 | -10/Materials | Build established: Mutant 337 | -10/Materials | Entered another Materials area 337 | -9/Materials | Evolved 2 slots: Propulsion x1, Utility x1 457 | -9/Materials | Discovered new exit (range 15) 825 | -9/Materials | Discovered new exit (range 16) 896 | -9/Materials | Discovered new exit (range 16) 1253 | -9/Materials | Lost 4 parts (1p1n1u1w) 1434 | -9/Materials | Discovered new exit (range 8) 1505 | -9/Materials | Core integrity fell below 50% 1659 | -9/Materials | Identified exit to Materials 1905 | -9/Materials | Core integrity fell below 20% 1962 | -9/Materials | Lost 5 parts (2p2n1w) 2192 | -9/Materials | Entered Mines 2215 | -9/Mines | Build established: Scavenger-Mutant 2330 | -9/Mines | Assembled infested the area 2395 | -9/Mines | Destroyed by as-43980 with Assembled Rifle Last Messages --------------- 02292_ Acquired Heat Sink. 02316_ Connecting with Terminal... 02316_ Current location identified: Mines 02320_ R-06 Scavenger collects Aluminum Leg. 02330_ ALERT: Infestation in the mines, dispatching Demolisher response squad. 02335_ System corrupted: Matter fused (-10). 02350_ System corrupted: Component data lost. 02355_ A derelict emerges from the shadows. 02356_ S0-G0P(g): "Some of my friends down here think you need a mining laser when you travel the depths." 02357_ S0-G0P(g): "You know what I say? NO!" 02358_ S0-G0P(g): "Everyone knows a good old rocket launcher goes a long way." 02359_ S0-G0P(g): "Need to get rid of a swarm? Done. Need a big hole in the wall? Done." 02371_ CLD2U&PI 02394_ System corrupted: Energy discharge (-76). 02395_ Wheel destroyed. Map ----- +----------------------------------------------------+ | ?????????? ????# ### #????# #???? | | ?????????? ?????# #????# #???? | | ????????## ?????## ####### ##??? | | ????????# ??????# T#??? | | ????????# ?????## ##??? | | ????????# ?##### ####### # #???? | | ????????# ?# ####?????# #######???? | | ????????# #?# ## ##????????# #?????????? | | ????????# #?# ## #?????#####%#?????????? | | ##??????# ### ### #?????#% % #?????????? | | # ????# #?## #?????# #####?????????? | | # ###??# #?##### #?????????????? | | ?# ### #????#####?# #?????????????? | | #??# #??????????# #####?????????????? | | ??# #?????????## ##????????????????? | | ## #????????## #### ???????????? | | # % #????????# ????????????? | | #### # ### #???????## ???????????????? | | ??? ???????# #??????## #?????????????????? | | ?? ????????# ######## #??????????????????? | | ? ????????# a a #???????????? ?????? | | ?????????#### ####a ##???????? ????? | | ??????????????# #??## ###??? ????? | | ??????????????# #???# a ## ?????? | | ??????????????# ##### """ ????????? | | ??????????????# @ """ ????????? | | ??????????????######## ### """ ????????? | | ?????????????????????## ##??? ????????? | | ??????????????????????####??????? ###???????? | | ????????????????????????????????????????????? | | ????????????????????????????????????????????? | | ????????????????????????????????????????????? | | ????????????????????????????????????????????? | | ????????????????????????????????????????????? | | ????????????????????????????????????????????? | | ????????????????????????????????????????????? | | ????????????????????????????????????????????? | | ????????????????????????????????????????????? | | ????????????????????????????????????????????? | | ????????????????????????????????????????????? | | ????????????????????????????????????????????? | | ????????????????????????????????????????????? | | ????????????????????????????????????????????? | | ????????????????????????????????????????????? | | ????????????????????????????????????????????? | | ????????????????????????????????????????????? | | ????????????????????????????????????????????? | | ????????????????????????????????????????????? | | ????????????????????????????????????????????? | | ????????????????????????????????????????????? | +----------------------------------------------------+ Best States ------------- Heat Dissipation 28 Energy Generation 10 Energy Capacity 250 Matter Stores 300 Matter Capacity 300 Sight Range 16 Terrain Scan Density 10 Armor Coverage 450 Evasion (%) 40 Offensive Hacking 10 Item Schematics ----------------- None Robot Schematics ------------------ None Fabricated ------------ Nothing Repaired ---------- Nothing Alien Tech Used ----------------- None Achievements -------------- None Challenges ------------ None Game ------ Seed ThiefPhasingBox Manual? 0 Play Time 00:22:53 Cumulative 290.7 hours Start 2025.07.27 @ 12:24:29 End 2025.07.27 @ 12:45:38 Sessions 1 Manual Loads 0 Difficulty Rogue Special Mode None Game No. 119 Rogue 48 Adventurer 68 Explorer 3 Win Type - Total 24 Types 16/1/1/4/1/0/0/0/0/1 Lore% 74 Gallery% 72 Achievement% 69 Wizard Run 0 Options --------- Layout 0 ASCII 0 Keyboard 0 Movement Numpad Keybinds 0 Fullscreen 1 Font 24/Smallcaps Map View 76x50 Zoom Use 0% Tactical HUD 1 Map Filters NONE Filters NONE Steam 1 RUN: b415428f-91df-4bf9-9cfa-90c4a7588d43